 Dungeon Crawl Stone Soup version 0.30-a0-1112-gfb780f5df6 (webtiles) character file.

Game seed: 5918718704746353702

15742126 Wizard1ke the Raging Flame (level 27, 184/228 HPs)
             Began as a Djinni Cinder Acolyte on Apr 19, 2023.
             Was a High Priest of Ignis.
             Escaped with the Orb
             ... and 15 runes on Apr 20, 2023!
             The game lasted 07:43:53 (99192 turns).

Wizard1ke the Raging Flame (Djinni Cinder Acolyte) Turns: 99192, Time: 07:43:54

Health: 184/228    AC: 23    Str: 12    XL:     27
Gold:   13748      EV: 31    Int: 29    God:    Ignis [*****.] SH: 31 Dex: 19

rFire   + + +      SeeInvis +    S - +3 Elemental Staff {rElec rF+ rC+ AC+3}
rCold   + + .      Faith    .    T - +5 tower shield {rC+}
rNeg    + + .      Spirit   .    q - +2 robe {Archmagi}
rPois   ∞          Reflect  .    F - +2 helmet
rElec   +          Rampage  .    r - +2 cloak {rCorr}
rCorr   +          Archmagi +    B - +2 pair of gloves of Death's Door {rPois Will++}
Will    ++++.                    (boots unavailable)
Stlth   +                        A - dreamshard necklace {*Dream Drain}
HPRegen 0.58/turn                c - ring of protection from cold
MPRegen 0.00/turn                v - ring "Umpiemm" {rF- rN++ Dex+6 SInv Stlth+}

@: flying, studying 3 skills
A: sickness immunity, fire resistance 2, cold vulnerability 1, float, innate
caster, HP casting, extra vitality 1, iridescent scales 1, agile 1, wild magic
1, no potion heal 1
0: Orb of Zot
}: 15/15 runes: barnacled, slimy, silver, golden, iron, obsidian, icy, bone,
abyssal, demonic, glowing, magical, fiery, dark, gossamer
a: Renounce Religion, Fiery Armour, Foxfire Swarm, Rising Flame


You escaped.
You worshipped Ignis.
Ignis was extremely pleased with you.
You visited 18 branches of the dungeon, and saw 87 of its levels.
You visited Pandemonium 3 times, and saw 15 of its levels.
You visited the Abyss 2 times.
You visited 1 bazaar.
You visited 1 ziggurat, and saw 10 of its levels.
You also visited: Ossuary, Ice Cave and Wizlab.

You collected 16600 gold pieces.
You spent 2852 gold pieces at shops.

Inventory:

Hand Weapons
 S - the +3 Elemental Staff (weapon) {rElec rF+ rC+ AC+3}
   (You acquired it on level 14 of the Dungeon)

   It enhances your fire, ice, earth and air magic.
   AC:        It affects your AC (+3).
   rF:        It protects you from fire.
   rC:        It protects you from cold.
   rElec:     It insulates you from electricity.
Missiles
 O - 14 curare-tipped darts
 W - 3 throwing nets
Armour
 a - a scarf of resistance
 l - the +8 tower shield of Hairiness {rF+}
   (You took it off a daeva in Pandemonium)

   rF:        It protects you from fire.
 q - a +2 robe of the Archmagi (worn)
 r - a +2 cloak of preservation (worn)
 B - the +2 pair of gloves of Death's Door (worn) {rPois Will++}
   (You found it in Pandemonium)

   rPois:     It protects you from poison.
   Will:      It greatly increases your willpower.
 F - a +2 helmet (worn)
 T - a +5 tower shield of cold resistance (worn)
 X - the +0 hat of Aredobum {Int+4 Slay+3}
   (You acquired it on level 3 of the Tomb of the Ancients)

   Int:       It affects your intelligence (+4).
   Slay:      It affects your accuracy & damage with ranged weapons and melee
   (+3).
Jewellery
 b - the amulet "Jebusm" {Rampage rN+ Regen+ Str-5 Stlth+}
   (You took it off an ancient champion on level 3 of the Crypt)

   [amulet of regeneration]

   Str:       It affects your strength (-5).
   rN:        It protects you from negative energy.
   Regen:     It increases your rate of health regeneration.
   Rampage:   It bestows one free step when moving towards enemies.
   Stlth:     It makes you more stealthy.
 c - a ring of protection from cold (left hand)
 n - the ring "Poqyl" {Will+ Str+3}
   (You took it off a seraph in Pandemonium)

   [ring of willpower]

   Str:       It affects your strength (+3).
   Will:      It increases your willpower.
 v - the ring "Umpiemm" (right hand) {rF- rN++ Dex+6 SInv Stlth+}
   (You acquired it on level 3 of the Elven Halls)

   [ring of dexterity]

   Dex:       It affects your dexterity (+6).
   rF:        It makes you vulnerable to fire.
   rN:        It greatly protects you from negative energy.
   SInv:      It lets you see invisible.
   Stlth:     It makes you more stealthy.
 A - the dreamshard necklace (around neck) {*Dream Drain}
   (You found it on level 10 of a ziggurat)

   [amulet of nothing]

   *Dream:    It shatters if its wearer takes lethal or near-lethal damage,
   preventing the blow and releasing protective dreams that heal and fight for
   the wearer.
   Drain:     It drains your maximum health when unequipped.
 G - the amulet "Bupry" {Spirit Contam rF+ rC+ Dex+2}
   (You found it on level 7 of Gehenna)

   [amulet of guardian spirit]

   It causes incoming damage to be divided between your reserves of health and
   magic.
   Dex:       It affects your dexterity (+2).
   rF:        It protects you from fire.
   rC:        It protects you from cold.
   Contam:    It causes magical contamination when unequipped.
 N - a +6 ring of intelligence
 Q - the ring "Nipo Abb" {Fly Str+4 Dex+2}
   (You found it on level 7 of Gehenna)

   [ring of flight]

   Str:       It affects your strength (+4).
   Dex:       It affects your dexterity (+2).
   Fly:       It grants you flight.
 Z - an amulet of regeneration
Wands
 x - a wand of roots (60)
 C - a wand of digging (36)
 D - a wand of polymorph (51)
 L - a wand of quicksilver (63)
 M - a wand of mindburst (54)
 U - a wand of paralysis (93)
Scrolls
 f - 12 scrolls of fear
 i - 17 scrolls of teleportation
 k - 14 scrolls of vulnerability
 o - 12 scrolls of poison
 s - 25 scrolls of immolation
 t - 13 scrolls of fog
 u - 7 scrolls of blinking
 y - 4 scrolls of magic mapping
 K - 3 scrolls of butterflies
 Y - a scroll of brand weapon
Potions
 d - 13 potions of invisibility
 e - 18 potions of mutation
 g - 10 potions of lignification
 m - 7 potions of ambrosia
 w - 6 potions of haste
 z - 22 potions of attraction
 H - a potion of heal wounds
 I - 4 potions of resistance
 P - 4 potions of curing
Miscellaneous
 h - a phial of floods
 j - a phantom mirror (inert)
 J - a condenser vane


   Skills:
 O Level 27 Fighting
 - Level 2.4 Maces & Flails
 + Level 22.2 Armour
 O Level 27 Dodging
 O Level 27 Shields
 O Level 27 Spellcasting
 O Level 27 Invocations
 - Level 8.0 Evocations


You knew the following spells:

 Your Spells              Type           Power      Damage    Failure   Level
a - Scorch                Fire           100%       2d9       1%          2
b - Sting                 Tmut/Pois      100%       1d8       1%          1
c - Lesser Beckoning      Tloc           100%       N/A       1%          2
d - Inner Flame           Hex/Fire       100%       N/A       1%          3
e - Ozocubu's Armour      Ice            100%       N/A       1%          3
f - Cause Fear            Hex            77%        N/A       1%          4
g - Fireball              Conj/Fire      90%        3d33      1%          5
h - Statue Form           Tmut/Erth      100%       N/A       1%          6
i - Monstrous Menagerie   Summ           77%        N/A       1%          7
j - Ozocubu's Refrigerat  Ice            90%        4d27      1%          7
k - Haunt                 Necr/Summ      77%        N/A       1%          7
l - Orb of Destruction    Conj           77%        9d17      1%          7
m - Discord               Hex            77%        N/A       1%          8
n - Chain Lightning       Conj/Air       90%        3d120     2%          9
Your spell library was empty.

Dungeon Overview and Level Annotations

Branches:
Dungeon (15/15)            Temple (1/1) D:4            Lair (5/5) D:11
 Shoals (4/4) Lair:3       Spider (4/4) Lair:2        Slime (5/5) Lair:4
    Orc (2/2) D:11            Elf (3/3) Orc:2        Vaults (5/5) D:13
  Crypt (3/3) Vaults:2       Tomb (3/3) Crypt:3      Depths (4/4) D:15
   Hell (visited)             Dis (7/7) Hell            Geh (7/7) Hell
    Coc (7/7) Hell            Tar (7/7) Hell            Zot (5/5) Depths:4
Ossuary (visited)           IceCv (visited)          WizLab (visited)

Altars:
Ashenzari
Cheibriados
Dithmenos
Elyvilon
Fedhas
Gozag
Hepliaklqana
Makhleb
Nemelex Xobeh
Okawaru
Qazlal
Trog
Uskayaw
Wu Jian
Xom
Yredelemnul
Zin
The Shining One
Jiyva

Shops:
D:1 !   D:2 *   D:5 **   Orc:2 ?(??   Vaults:4 !   Zot:4 *

Portals:
Hell: Depths:1 Depths:2 Depths:3 Depths:4
Abyss: Depths:1 Depths:2 Depths:3
Pandemonium: Depths:2 Depths:3
Ziggurat: Depths:4

Annotations:
D:3 Sigmund
D:5 2 transporters
D:9 1 runed translucent door, exclusion: door, tgirl's ghost, novice MiMo
D:10 exclusion: obsidian statue, Erolcha
D:13 Azrael
Lair:2 2 transporters
Elf:2 3 runed translucent doors
Vaults:3 1 runed translucent door, exclusion: door, Yhaurph's ghost, adept MiFi
Tomb:3 1 exclusion
Depths:4 1 runed translucent door, exclusion: door, Joiny's ghost, veteran GrGl
Zot:4 3 runed translucent doors, exclusions: 3 doors and obsidian statue, Zeaxzic Paph's ghost, veteran OgBe


Innate Abilities, Weirdness & Mutations

You are immune to sickness and miasma.
You are immune to poison.
Your flesh is very heat resistant. (rF++)
You are vulnerable to cold. (rC-)
You float through the air rather than walking.
You learn spells naturally, not from books.
Your magical power is your life essence.
You have superior vitality. (+4 MHP)
You are partially covered in iridescent scales. (AC +2)
You are agile. (Dex +4, Str/Int -1)
Your spells are a little harder to cast, but a little more powerful.
Potions are less effective at restoring your health.


Message History

The bolt of lightning hits the reaper!!!!
You kill the reaper!
(D) Dungeon (T) Temple (L) Lair (A) Shoals (N) Spider Nest (M) Slime Pits (O) Orcish Mines (E) Elven Halls (V) Vaults (C) Crypt (W) Tomb (U) Depths (H) Hell (I) Dis (G) Gehenna (X) Cocytus (Y) Tartarus (Z) Zot
Where to? (Enter - D:1 @ (x,y), ? - help)
A soul eater comes into view.
You feel a strong surge of power! Lightning arcs from your hands!
The bolt of lightning hits the soul eater!!!!
You kill the soul eater!
(D) Dungeon (T) Temple (L) Lair (A) Shoals (N) Spider Nest (M) Slime Pits (O) Orcish Mines (E) Elven Halls (V) Vaults (C) Crypt (W) Tomb (U) Depths (H) Hell (I) Dis (G) Gehenna (X) Cocytus (Y) Tartarus (Z) Zot
Where to? (Enter - D:1 @ (x,y), ? - help)
There is a large open door here.
There is a stone staircase leading up here.
You fly upwards.
There is a stone staircase leading down here.
A profane servitor comes into view.
It is wielding a +3 demon whip of draining.
You feel a strong surge of power! Lightning arcs from your hands!
The bolt of lightning hits the profane servitor!!
The profane servitor resists.
The profane servitor is lightly damaged.
You feel a strong surge of power! Lightning arcs from your hands!
The bolt of lightning hits the profane servitor!!!!
The profane servitor resists.
The profane servitor is severely damaged.
You block the profane servitor's attack. x2
You feel a strong surge of power! Lightning arcs from your hands!
The bolt of lightning hits the profane servitor!!!!!
The profane servitor resists.
You destroy the profane servitor!
You hear a splash.
The bolt of lightning hits you but does no damage.
There is a staircase leading out of the dungeon here.
You have escaped!

.......#
#.........##≈§§#+..#.###
.......#
#..#......#..§..#......#
.......#
#..#......≈.....≈..#.#.#
########
#..#......§..⌠..§......# #
#..#......#.....#..#...# ####
#..###≈≈≈###≈§≈###.#...# +..##
#...#.....#......#.#.#.# ##..#
#...≈..⌠..≈......#.###.# ###.##
##.#.≈..@..≈......#.....# #
#..####..#.#.....#......##.####
# ##.##....#.+#≈≈≈##....†....#
####...............######..#.#
..........########## #....#
..........# ###### ..........#
.......>..# ..........#


There were no monsters in sight!

Vanquished Creatures
  Cerebov (Pan)
  Asmodeus (Geh:7)
  Antaeus (Coc:7)
  Ereshkigal (Tar:7)
  Dissolution (Slime:3)
  the Royal Jelly (Slime:5)
  the Serpent of Hell (Geh:7)
  Gloorx Vloq (Pan)
  A seraph (Pan)
  Mnoleg (Pan)
  Dispater (Dis:7)
  3 orbs of fire (Zot:5)
  11 dread liches
  15 ancient liches
  Mara (Depths:1)
  2 juggernauts
  16 royal mummies
  Vv (Crypt:3)
  Boris (Crypt:3)
  Margery (Vaults:2)
  11 shard shrikes
  10 caustic shrikes
  5 Killer Klowns
  Saint Roka (Orc:2)
  A pandemonium lord (Zig:4)
  6 profane servitors
  Geryon (Hell)
  A curse toe (Zig:5)
  Nikola (Spider:3)
  12 golden dragons
  A pearl dragon (Pan)
  Hellbinder (WizLab)
  Arachne (Spider:2)
  15 doom hounds
  Jory (Vaults:5)
  29 bone dragons
  A shard shrike zombie (Crypt:2)
  14 Tzitzimimeh
  2 electric golems (Zot:5)
  10 iron giants
  Rupert (D:13)
  Jorgrun (D:15)
  6 Brimstone Fiends
  A walking crystal tome (Depths:3)
  28 Ice Fiends
  17 hellephants
  18 Hell Sentinels
  9 liches
  16 tainted leviathans
  A walking earthen tome (Depths:3)
  Grunn (Depths:2)
  3 deep elf blademasters (Elf:3)
  28 Orb Guardians
  Asterion (Spider:4)
  12 tentacled monstrosities
  5 quicksilver dragons
  A walking divine tome (Depths:1)
  2 deep elf master archers (Elf:3)
  11 searing wretches
  8 titans
  13 sphinxes
  4 tentacled starspawn
  24 ancient champions
  16 acid blobs
  6 death cobs
  26 Executioners
  A shadow dragon (shapeshifter) (Zig:4)
  8 tengu reavers
  12 storm dragons
  9 shadow dragons
  Kirke (Lair:4)
  11 azure jellies
  5 demonspawn warmongers
  9 narguns
  7 revenants
  12 daevas (Pan)
  20 fire giants
  8 frost giants
  29 balrugs
  6 draconian knights
  3 emperor scorpions
  4 ghost moths
  6 draconian monks
  16 deep elf sorcerers
  7 draconian shifters
  4 iron dragons
  12 vault wardens
  A draconian scorcher (Zot:5)
  5 curse skulls
  A spectral juggernaut (Tar:2)
  3 orc warlords
  6 quicksilver elementals
  A juggernaut zombie (Crypt:3)
  4 shard shrike simulacra
  3 draconian annihilators
  6 deep elf elementalists
  Louise (Depths:1)
  17 ironbound preservers
  A spectral caustic shrike (Tar:4)
  4 draconian stormcallers
  22 angels (Pan)
  13 ghouls
  9 quicksilver oozes
  5 reapers
  4 ironbound thunderhulks
  6 demonspawn corrupters
  2 caustic shrike skeletons (Pan)
  16 war gargoyles
  22 cacodemons
  36 very ugly things
  A demonspawn blood saint (Pan)
  A quicksilver ooze (shapeshifter) (Vaults:5)
  5 broodmothers
  16 apis (Pan)
  3 juggernaut skeletons
  15 ophanim (Pan)
  12 stone giants
  13 vampire knights
  10 green draconians
  33 elemental wellsprings
  17 putrid mouths
  16 bennus
  8 lorocyprocas
  5 purple draconians
  8 black draconians
  3 deep elf demonologists
  7 dire elephants (Vaults:4)
  3 spectral titans
  2 demonspawn black suns (Pan)
  12 red draconians
  15 spark wasps
  4 deep elf annihilators
  16 wendigos
  10 white draconians
  5 yellow draconians
  8 iron golems
  20 eidola
  23 ettins
  2 minotaurs (Shoals:4)
  13 blizzard demons
  11 yaktaur captains
  3 merfolk impalers
  Snorg (Lair:5)
  5 merfolk javelineers
  11 deep elf death magi
  14 green deaths
  7 entropy weavers
  7 deep elf high priests
  23 mummy priests
  2 spectral iron giants
  17 jiangshi
  A spectral quicksilver dragon (Tar:7)
  A salamander tyrant (Geh:1)
  16 fire dragons
  4 spectral spriggans
  11 caustic shrike simulacra
  3 rakshasas
  27 vault guards
  2 spriggan zombies
  5 hell beasts
  A spectral tengu (Tar:1)
  11 great orbs of eyes
  4 hydras
  5 juggernaut simulacra
  Harold (D:11)
  5 ogre magi
  A ghost crab (Zig:5)
  7 ice dragons
  3 jorogumos
  7 spriggan air magi
  2 spriggan skeletons (Pan)
  5 death knights
  A fenstrider witch skeleton (Pan)
  4 radroaches
  5 ironbound frosthearts
  5 merfolk avatars
  4 alligator snapping turtles
  8 two-headed ogres
  9 vampire magi
  13 centaur warriors
  13 satyrs (Shoals:4)
  23 boulder beetles
  2 merfolk aquamancers
  6 stokers
  6 deep troll shamans
  A catoblepas (Lair:5)
  73 death scarabs
  7 dancing weapons
  4 tengu warriors
  7 deep troll earth magi
  Urug (Orc:1)
  A titan zombie (Crypt:1)
  9 death yaks (Lair:5)
  2 thrashing horrors (Abyss:3)
  36 hell hogs
  2 spectral nagas
  3 spriggan berserkers
  9 hell knights
  Nergalle (Lair:1)
  2 titan skeletons
  6 deep elf knights
  21 soul eaters
  4 spriggans
  25 sixfirhies
  39 sun demons
  7 crystal echidnas
  5 pharaoh ants
  2 storm dragon skeletons (Pan)
  27 shadow wraiths
  5 wretched stars (Abyss:3)
  Amaemon (Lair:2)
  5 skysharks
  3 spectral anacondas
  12 cherubim (Pan)
  5 iron trolls
  26 skeletal warriors
  8 shadow demons
  7 flayed ghosts
  10 orb spiders
  4 glowing orange brains
  A swamp dragon (Vaults:3)
  A deep troll (shapeshifter) (D:15)
  10 sea snakes
  63 deep trolls
  2 orb spiders (shapeshifter)
  5 quicksilver dragon simulacra
  An anaconda zombie (Crypt:1)
  A spectral iron dragon (Tar:1)
  A glowing orange brain (shapeshifter) (Vaults:5)
  3 bog bodies
  14 deep elf archers
  10 wizards
  A golden dragon skeleton (Zig:7)
  A bunyip skeleton (Pan)
  26 harpies
  3 anaconda skeletons
  23 ironbound convokers
  11 lindwurms
  2 spectral jorogumos (Spider:4)
  9 orc knights
  11 phantasmal warriors
  6 steelbarb worms
  8 necromancers
  32 deep elf pyromancers
  36 deep elf zephyrmancers
  18 fauns
  A wolf spider zombie (Spider:4)
  A jorogumo skeleton (Crypt:3)
  3 orc sorcerers
  8 cyclopes
  7 wolf spiders
  4 spectral ettins
  36 ugly things
  21 manticores
  A sphinx skeleton (Crypt:1)
  5 shining eyes
  22 elephants
  A manticore (shapeshifter) (Vaults:5)
  5 black mambas
  3 spectral centaurs
  22 moths of wrath
  3 rust devils
  2 dire elephant zombies
  A naga zombie (Crypt:1)
  10 vault sentinels
  6 merfolk sirens
  2 stone giant skeletons
  7 titan simulacra
  23 smoke demons
  2 water nymphs
  An alligator snapping turtle zombie (Tomb:2)
  An apocalypse crab (Abyss:3)
  23 demonic crawlers
  8 ice statues
  A gargoyle (D:11)
  A centaur skeleton (Hell)
  A naga mage (D:15)
  7 torpor snails
  A dire elephant skeleton (Pan)
  An orc skeleton (Hell)
  2 eyes of devastation
  3 spectral redbacks (Spider:4)
  21 hellions
  22 orange demons
  A molten gargoyle (Hell)
  8 cane toads
  8 efreet
  A storm dragon simulacrum (Coc:2)
  An unseen horror (D:15)
  A rime drake (Lair:5)
  16 komodo dragons
  3 bunyip simulacra (Coc:1)
  2 redback zombies (Spider:4)
  A komodo dragon (shapeshifter) (D:14)
  33 yaktaurs
  A spark wasp simulacrum (Depths:3)
  An ancient zyme (Abyss:3)
  3 kobold demonologists
  2 golden dragon simulacra
  17 tormentors
  17 freezing wraiths
  13 anaconda simulacra
  5 ice devils
  7 red devils
  A harpy zombie (Crypt:2)
  A hydra zombie (Crypt:2)
  A grey draconian skeleton (Crypt:2)
  3 iron giant simulacra
  7 spectral harpies
  17 trolls
  5 hornets
  2 hornets (shapeshifter)
  3 meliai (Spider:3)
  A wind drake (shapeshifter) (Elf:3)
  13 hellwings
  50 guardian mummies
  7 wind drakes
  4 polar bears
  2 blink frogs (shapeshifter)
  2 harpy skeletons (Hell)
  30 tarantellas
  36 merfolk
  A tarantella zombie (Spider:4)
  A dream sheep (shapeshifter) (Vaults:5)
  4 raiju (Abyss:3)
  2 spectral culicivoras (Spider:4)
  12 snapping turtles
  3 spectral jumping spiders (Spider:4)
  2 spectral tarantellas (Spider:4)
  4 dream sheep (Lair:4)
  An ice dragon zombie (Crypt:1)
  A satyr zombie (Crypt:1)
  21 blink frogs
  A snapping turtle (shapeshifter) (Depths:4)
  A stone giant simulacrum (Coc:4)
  9 iron dragon simulacra
  87 slime creatures
  20 culicivoras
  2 jumping spiders (shapeshifter)
  18 flying skulls
  6 air elementals
  2 centaur simulacra
  An ettin skeleton (Tomb:3)
  26 water elementals
  2 fire dragon skeletons (Pan)
  19 jumping spiders
  6 wyverns
  A wyvern (shapeshifter) (Vaults:5)
  An ice dragon skeleton (Pan)
  10 ynoxinuls
  11 dire elephant simulacra
  A spriggan (shapeshifter) (D:13)
  2 black mamba zombies
  A yak (shapeshifter) (Vaults:3)
  5 shadows
  35 large abominations
  8 wraiths
  24 ushabtiu
  A black mamba skeleton (Tomb:3)
  5 basilisks
  8 starcursed masses
  30 yaks
  4 fire elementals
  5 hogs
  19 humans
  17 chaos spawn
  7 golden eyes
  58 redbacks
  3 alligator snapping turtle simulacra (Coc:1)
  8 vampire mosquitoes
  18 neqoxecs
  22 harpy simulacra
  A steam dragon (D:9)
  A glowing shapeshifter zombie (Crypt:2)
  3 wargs
  A skyshark zombie (Crypt:2)
  A warg (shapeshifter) (Depths:1)
  Duvessa (D:5)
  15 water moccasins
  An acid dragon (D:12)
  6 hydra simulacra
  A glowing shapeshifter skeleton (Depths:3)
  5 hell hounds
  A floating eye (shapeshifter) (Zig:8)
  5 floating eyes
  2 small abominations (Abyss:3)
  28 orc warriors
  An ice beast (D:7)
  3 naga skeletons
  4 ettin simulacra
  A snapping turtle zombie (Crypt:3)
  3 black bears
  24 ogres
  A fire dragon simulacrum (Coc:1)
  A tengu (D:9)
  13 wolves
  11 centaurs
  2 phantoms (D:5)
  2 elf zombies (Ossuary)
  A vine stalker zombie (Crypt:3)
  14 bullfrogs
  2 necrophages (Crypt:2)
  6 kobold brigands
  6 scorpions
  A gnoll sergeant (D:11)
  2 draconian skeletons
  3 wights (D:6)
  Dowan (D:5)
  A raiju zombie (Crypt:1)
  A polar bear zombie (Crypt:1)
  An elephant simulacrum (IceCv)
  11 killer bees
  A howler monkey (D:7)
  An electric eel (D:9)
  5 centaur zombies
  4 human zombies
  A quasit (D:10)
  A wolf skeleton (Crypt:3)
  3 hounds
  2 jellies
  18 orc priests
  A gnoll bouda (D:7)
  10 iguanas
  2 sleepcaps (D:6)
  2 basilisk skeletons
  5 hell rats (Lair:2)
  10 spriggan simulacra
  A troll simulacrum (IceCv)
  Ijyb (D:5)
  35 orc wizards
  A polar bear simulacrum (IceCv)
  An ogre skeleton (Crypt:3)
  An ice beast zombie (Crypt:2)
  2 hound zombies
  71 mummies
  11 gnolls
  6 adders
  3 naga simulacra
  A shadow imp (D:5)
  3 white imps
  An ufetubus (D:6)
  An adder zombie (Ossuary)
  An iguana skeleton (Crypt:2)
  A worm (D:2)
  5 dart slugs
  73 orcs
  9 endoplasms
  2 giant cockroaches (D:4)
  A gnoll zombie (Ossuary)
  2 goblins (D:2)
  3 hobgoblins
  6 jackals
  29 kobolds
  2 quokkas
  7 ball pythons
  6 bats
  5 frilled lizards
  4 goblin zombies (Ossuary)
  4 hobgoblin zombies (Ossuary)
  3 jackal zombies (Ossuary)
  4 kobold zombies (Ossuary)
  6 quokka zombies (Ossuary)
  A rat (D:2)
  A rat zombie (Ossuary)
  4 bushes
  14 fire vortices
  A lurking horror (Abyss:3)
  2 plants (Shoals:3)
  2 starspawn tentacles (Abyss:3)
3892 creatures vanquished.

Vanquished Creatures (collateral kills)
  Boris (Depths:2)
  2 caustic shrikes
  A bone dragon (Depths:2)
  A shard shrike skeleton (Crypt:1)
  A lich (Depths:2)
  An ancient champion (Vaults:2)
  3 shadow dragons
  A tengu reaver (Vaults:3)
  7 frost giants
  A juggernaut zombie (Depths:3)
  A shard shrike simulacrum (Coc:7)
  A stone giant (Depths:1)
  A ghoul (Vaults:2)
  A very ugly thing (Vaults:5)
  A war gargoyle (Vaults:3)
  A demonspawn black sun (WizLab)
  A vampire knight (Depths:2)
  A crystal guardian (Vaults:3)
  5 jiangshi (Depths:2)
  10 vault guards (Vaults:5)
  A peacekeeper (Vaults:3)
  A spriggan skeleton (Depths:2)
  6 dancing weapons
  2 titan skeletons (Depths:2)
  A soul eater (Vaults:2)
  An iron troll (Depths:3)
  A golden dragon zombie (Depths:2)
  A glowing orange brain (Depths:1)
  2 golden dragon skeletons (Depths:2)
  A tengu zombie (Depths:2)
  A flayed ghost (Depths:2)
  2 orange crystal statues (Elf:1)
  A sphinx zombie (Depths:2)
  A wolf spider (Vaults:5)
  3 shadow dragon skeletons (Depths:2)
  2 ugly things (Vaults:5)
  A sphinx skeleton (Depths:2)
  A frost giant skeleton (Depths:2)
  A freezing wraith (Depths:1)
  An ice devil (Depths:3)
  An ettin zombie (Depths:2)
  A flying skull (Depths:2)
  A glowing shapeshifter zombie (Depths:2)
  An earth elemental (Elf:1)
77 creatures vanquished.

Vanquished Creatures (others)
  An eldritch tentacle (Pan)
  A shard shrike simulacrum (Coc:5)
  A juggernaut simulacrum (Coc:5)
  A stoker (Geh:6)
  A steelbarb worm (shapeshifter) (Vaults:5)
  2 wizards (Pan)
  A yaktaur (Vaults:5)
  A dire elephant simulacrum (Coc:2)
  A neqoxec (Pan)
  An ettin simulacrum (Coc:1)
  11 ball lightnings (Pan)
  81 fungi
  323 plants
  8 starspawn tentacles (Abyss:3)
  29 withered plants (Crypt:3)
463 creatures vanquished.

Grand Total: 4432 creatures vanquished

Notes
Turn   | Place    | Note
-------+----------+-------------------------------------------
     0 | D:1      | Wizard1ke the Djinni Cinder Acolyte began the quest for the
                  | Orb.
     0 | D:1      | Wizard1ke set off with the following spells memorised:
                  | Scorch.
     0 | D:1      | Reached XP level 1. HP: 20/20 MP: 0/0
   494 | D:1      | Found Imiytret's Distillery.
   498 | D:1      | Bought a potion of lignification for 30 gold pieces
   498 | D:1      | Bought a potion of curing for 30 gold pieces
   519 | D:1      | Reached XP level 2. HP: 16/25 MP: 0/0
   917 | D:2      | Reached XP level 3. HP: 23/30 MP: 0/0
   917 | D:2      | Learned a level 1 spell: Sting
  1271 | D:2      | Found Okhaugiru's Assorted Antiques.
  1279 | D:2      | Bought a scroll labelled IWEOK BUJACS for 21 gold pieces
  1279 | D:2      | Bought a yellow potion for 18 gold pieces
  1279 | D:2      | Bought a blue potion for 18 gold pieces
  1279 | D:2      | Bought a scroll labelled GEX UROHEVAME for 21 gold pieces
  1391 | D:2      | Reached XP level 4. HP: 32/35 MP: 0/0
  1957 | D:3      | Noticed Sigmund
  1979 | D:3      | Found a burning altar of Makhleb.
  2383 | D:3      | Reached XP level 5. HP: 39/41 MP: 0/0
  2383 | D:3      | Learned a level 2 spell: Lesser Beckoning
  2546 | D:3      | Reached XP level 6. HP: 29/47 MP: 0/0
  2939 | D:4      | Reached XP level 7. HP: 32/53 MP: 0/0
  2939 | D:4      | Learned a level 3 spell: Inner Flame
  3071 | D:4      | Found a staircase to the Ecumenical Temple.
  3214 | Temple   | Entered the Ecumenical Temple
  3452 | D:4      | Reached skill level 5 in Fighting
  3452 | D:4      | Reached skill level 5 in Spellcasting
  3696 | D:5      | Entered Level 5 of the Dungeon
  3734 | D:5      | Found a transporter.
  3735 | D:5      | Noticed a wyvern
  3736 | D:5      | Noticed a wraith
  3737 | D:5      | Found a glowing silver altar of Zin.
  3739 | D:5      | Noticed a troll
  3762 | D:5      | Found a transporter.
  4079 | D:5      | Found Bueschuch's Specific Store.
  4081 | D:5      | Found Vecwup's General Store.
  4089 | D:5      | Bought a scroll of teleportation for 33 gold pieces
  4089 | D:5      | Bought a scroll of fog for 44 gold pieces
  4106 | D:5      | Noticed Ijyb
  4112 | D:5      | Killed Ijyb
  4290 | D:5      | Reached XP level 8. HP: 49/60 MP: 0/0
  4368 | D:5      | Found an iron altar of Okawaru.
  4392 | D:5      | Found a hazy altar of Hepliaklqana.
  4462 | D:5      | Noticed Dowan
  4529 | D:5      | Identified the amulet "Virygus" {Faith +Inv rN+++ Regen+
                  | Int-5}
  4855 | D:5      | Noticed Duvessa
  4904 | D:5      | Killed Duvessa
  4941 | D:5      | Killed Dowan
  5265 | D:6      | Reached XP level 9. HP: 26/67 MP: 0/0
  5265 | D:6      | Learned a level 3 spell: Ozocubu's Armour
  5384 | D:6      | Found a sand-covered staircase.
  5388 | Ossuary  | Entered an ossuary
  5874 | D:2      | Bought 2 metallic black potions for 37 gold pieces
  5926 | D:1      | Bought a potion of haste for 100 gold pieces
  5926 | D:1      | Bought a potion of haste for 100 gold pieces
  6342 | D:6      | Identified the +10 dagger of Greed {freeze, Fly rPois Dex+2
                  | Stlth+}
  6410 | D:6      | Found a white marble altar of Elyvilon.
  6659 | D:7      | Noticed a troll
  6666 | D:7      | Killed a troll
  6901 | D:7      | Noticed a kobold demonologist
  6959 | D:7      | Noticed a rust devil
  6962 | D:6      | Killed a kobold demonologist
  6963 | D:6      | Reached XP level 10. HP: 75/76 MP: 0/0
  7167 | D:7      | Noticed a boulder beetle
  7231 | D:8      | Found a broken altar of Ashenzari.
  7581 | D:8      | Found a shimmering altar of Xom.
  7581 | D:8      | Found a shimmering altar of Xom.
  7583 | D:8      | Found a shimmering altar of Xom.
  7583 | D:8      | Found a shimmering altar of Xom.
  7724 | D:8      | Found a blossoming altar of Fedhas.
  7746 | D:8      | Found a snail-covered altar of Cheibriados.
  8097 | D:9      | Found a runed translucent door.
  8104 | D:9      | Noticed tgirl's ghost (novice MiMo)
  8328 | D:9      | Found a glowing golden altar of the Shining One.
  8683 | D:9      | Noticed Maurice
  8686 | D:9      | Maurice changed into Maurice the tengu
  8686 | D:9      | Noticed Maurice
  8691 | D:9      | Killed Maurice the tengu
  8795 | D:9      | Reached skill level 10 in Spellcasting
  9167 | D:9      | Reached XP level 11. HP: 38/84 MP: 0/0
  9167 | D:9      | Learned a level 4 spell: Cause Fear
  9337 | D:10     | Entered Level 10 of the Dungeon
  9481 | D:10     | Noticed an obsidian statue
  9647 | D:10     | Reached skill level 10 in Fighting
  9901 | D:10     | Noticed Erolcha
  9904 | D:10     | Paralysed by Erolcha for 4 turns
  9909 | Abyss:1  | Cast into level 1 of the Abyss (Erolcha)
  9983 | Abyss:1  | Noticed a wretched star
 10068 | Abyss:1  | Noticed an eidolon
 10096 | D:10     | Escaped the Abyss
 10122 | D:10     | HP: 1/85 [something (36)]
 10378 | D:10     | Got Vehumet's Dissertation on Battle Magic
 10565 | D:10     | Reached skill level 1 in Evocations
 10652 | D:11     | Noticed a cyclops
 10665 | D:11     | Noticed a skeletal warrior
 10665 | D:11     | Identified the +3 long sword of a Labyrinth {protect, rPois
                  | rF- Will- Int+8}
 10665 | D:11     | Noticed a skeletal warrior
 10666 | D:11     | Noticed a skeletal warrior
 10817 | D:11     | Found a staircase to the Lair.
 10849 | Lair:1   | Entered Level 1 of the Lair of Beasts
 11199 | Lair:1   | Noticed a boulder beetle
 11659 | Lair:2   | Reached skill level 5 in Evocations
 11681 | Lair:2   | Noticed an elephant
 11695 | Lair:2   | Reached skill level 1 in Shields
 11751 | Lair:2   | Killed an elephant
 11799 | Lair:2   | Reached XP level 12. HP: 82/92 MP: 0/0
 11931 | Lair:1   | Reached skill level 5 in Shields
 11995 | Lair:2   | Found a transporter.
 12123 | Lair:2   | Noticed Nergalle
 12471 | Lair:1   | Killed Nergalle
 12551 | Lair:2   | Noticed a skyshark
 12558 | Lair:2   | Killed a skyshark
 12788 | Lair:2   | Noticed Amaemon
 12934 | Lair:2   | Found a hole to the Spider Nest.
 13020 | Lair:2   | Paralysed by Amaemon for 4 turns
 13136 | Lair:2   | Found a transporter.
 13308 | Lair:3   | Reached skill level 10 in Shields
 13421 | Lair:2   | Paralysed by Amaemon for 5 turns
 13429 | Lair:2   | Killed Amaemon
 13611 | Lair:3   | Reached XP level 13. HP: 88/97 MP: 0/0
 13611 | Lair:3   | Learned a level 5 spell: Fireball
 14687 | Lair:3   | Found a staircase to the Shoals.
 15022 | Lair:4   | Noticed Kirke
 15175 | Lair:4   | Found a frozen archway.
 15196 | Lair:4   | Killed Kirke
 15221 | IceCv    | Entered an ice cave
 15642 | IceCv    | Reached XP level 14. HP: 99/103 MP: 0/0
 15721 | IceCv    | Noticed a reaper
 16034 | Lair:4   | Found a staircase to the Slime Pits.
 16034 | Lair:4   | Found a viscous altar of Jiyva.
 16534 | Lair:5   | Entered Level 5 of the Lair of Beasts
 16545 | Lair:5   | Noticed Snorg
 16961 | Lair:5   | Killed Snorg
 16962 | Lair:5   | Reached skill level 15 in Spellcasting
 17851 | Lair:5   | Found the amulet of the Four Winds {rN+ Will+++ Clar}
 17857 | Lair:5   | Reached XP level 15. HP: 98/108 MP: 0/0
 17857 | Lair:5   | Learned a level 6 spell: Statue Form
 18243 | D:11     | Found a staircase to the Orcish Mines.
 18401 | D:11     | Noticed Harold
 18404 | D:11     | Killed Harold
 19926 | Orc:1    | Entered Level 1 of the Orcish Mines
 20100 | Orc:2    | Entered Level 2 of the Orcish Mines
 20147 | Orc:2    | Noticed Saint Roka
 20461 | Orc:2    | Killed Saint Roka
 20585 | Orc:2    | Found a staircase to the Elven Halls.
 20875 | Orc:2    | Noticed an orc warlord
 20882 | Orc:2    | Killed an orc warlord
 21012 | Orc:2    | Reached XP level 16. HP: 110/114 MP: 0/0
 21323 | Orc:2    | Found Paej Hewn's Magic Scroll Emporium.
 21324 | Orc:2    | Found Tefaunla's Magic Scroll Emporium.
 21365 | Orc:2    | Found Vioqaumuu's Magic Scroll Boutique.
 21367 | Orc:2    | Bought a scroll of fog for 56 gold pieces
 21367 | Orc:2    | Bought a scroll of immolation for 56 gold pieces
 21372 | Orc:2    | Bought a scroll of immolation for 60 gold pieces
 21372 | Orc:2    | Bought a scroll of magic mapping for 112 gold pieces
 21372 | Orc:2    | Bought a scroll of teleportation for 45 gold pieces
 21372 | Orc:2    | Bought a scroll of butterflies for 60 gold pieces
 21372 | Orc:2    | Bought a scroll of vulnerability for 60 gold pieces
 21374 | Orc:2    | Found Mekoh's Weapon Shoppe.
 21378 | Orc:2    | Bought a scroll of magic mapping for 120 gold pieces
 21378 | Orc:2    | Bought a scroll of poison for 64 gold pieces
 21378 | Orc:2    | Bought a scroll of blinking for 120 gold pieces
 21378 | Orc:2    | Bought a scroll of blinking for 120 gold pieces
 21378 | Orc:2    | Bought a scroll of teleportation for 48 gold pieces
 21378 | Orc:2    | Bought a scroll of immolation for 64 gold pieces
 21475 | Orc:1    | Noticed Urug
 21601 | Orc:1    | Killed Urug
 21941 | D:13     | Noticed Rupert
 21941 | D:13     | Found a gate to the Vaults.
 21950 | D:14     | Identified 3 scrolls of acquirement
 21951 | D:14     | Acquired a manual of Evocations
 21953 | D:14     | Acquired the +3 Elemental Staff {rElec rF+ rC+ AC+3}
 21953 | D:14     | Found the +3 Elemental Staff {rElec rF+ rC+ AC+3}
 21956 | D:14     | Acquired a manual of Spellcasting
 22104 | D:13     | Killed Rupert
 22379 | D:13     | Noticed Azrael
 23097 | D:14     | Found a hide-covered altar of Uskayaw.
 23356 | D:15     | Entered Level 15 of the Dungeon
 23481 | D:15     | Noticed Jorgrun
 23615 | Spider:1 | Entered Level 1 of the Spider Nest
 23945 | Spider:1 | Reached skill level 1 in Armour
 24127 | Spider:1 | Reached XP level 17. HP: 90/121 MP: 0/0
 24127 | Spider:1 | Learned a level 7 spell: Monstrous Menagerie
 24740 | Spider:2 | Noticed Arachne
 24805 | Spider:2 | Killed Arachne
 25856 | Spider:3 | Noticed Nikola
 25888 | Spider:3 | Killed Nikola
 26833 | Spider:4 | Entered Level 4 of the Spider Nest
 26956 | Spider:4 | Reached XP level 18. HP: 126/136 MP: 0/0
 27154 | Spider:4 | Reached skill level 15 in Fighting
 27258 | Spider:4 | Identified the +3 pair of gloves of the Beekeeper {Fly}
 27602 | Spider:4 | Noticed Asterion
 27611 | Spider:4 | Killed Asterion
 27953 | Spider:4 | Identified the +0 hat "Acyxyp" {-Tele +Inv rC+ SInv}
 28199 | Spider:4 | Got a gossamer rune of Zot
 28579 | Shoals:1 | Entered Level 1 of the Shoals
 29186 | Shoals:1 | Reached XP level 19. HP: 135/143 MP: 0/0
 29186 | Shoals:1 | Learned a level 7 spell: Ozocubu's Refrigeration
 31693 | Shoals:4 | Entered Level 4 of the Shoals
 32796 | Shoals:4 | Found the +9 sword of Power {lifebolt}
 32811 | Shoals:4 | Reached XP level 20. HP: 104/149 MP: 0/0
 32884 | Shoals:4 | Got a barnacled rune of Zot
 33528 | Vaults:1 | Entered Level 1 of the Vaults
 35213 | Vaults:2 | You are sucked into a shaft and drop 1 floor!
 35813 | Vaults:2 | Identified the +5 mace of the Bashing Gods {freeze, rN++}
 35841 | Vaults:2 | Reached XP level 21. HP: 143/155 MP: 0/0
 35841 | Vaults:2 | Learned a level 7 spell: Haunt
 35979 | Vaults:2 | Noticed Margery
 35986 | Vaults:2 | Killed Margery
 36358 | Vaults:2 | Found a staircase to the Crypt.
 37545 | Vaults:3 | Found a gateway to a bazaar.
 37582 | Bazaar   | Entered a bazaar
 37584 | Bazaar   | Found Jajef's Magic Scroll Boutique.
 37588 | Bazaar   | Found Mukhly's Book Boutique.
 37588 | Bazaar   | Found Dudgh's Distillery.
 37589 | Bazaar   | Found Vihif's Antique Armour Boutique.
 37622 | Bazaar   | Bought a scroll of magic mapping for 75 gold pieces
 37622 | Bazaar   | Bought a scroll of fear for 40 gold pieces
 37622 | Bazaar   | Bought a scroll of blinking for 75 gold pieces
 37622 | Bazaar   | Bought a scroll of immolation for 40 gold pieces
 37627 | Bazaar   | Bought a potion of curing for 57 gold pieces
 37627 | Bazaar   | Bought a potion of invisibility for 152 gold pieces
 37627 | Bazaar   | Bought 2 potions of brilliance for 152 gold pieces
 37627 | Bazaar   | Bought a potion of invisibility for 152 gold pieces
 37748 | Vaults:3 | Found a runed translucent door.
 37750 | Vaults:3 | Noticed Yhaurph's ghost (adept MiFi)
 38145 | Vaults:3 | Noticed a golden dragon
 38416 | Vaults:3 | Killed a golden dragon
 38417 | Vaults:3 | Reached skill level 1 in Dodging
 38601 | Vaults:3 | Identified the +1 robe "Goitwustren" {rF+}
 38734 | Vaults:4 | Reached XP level 22. HP: 88/161 MP: 0/0
 38738 | Vaults:4 | Reached skill level 5 in Armour
 39577 | Vaults:4 | Reached skill level 5 in Dodging
 39725 | Vaults:4 | Found Voosul's Distillery.
 39731 | Vaults:4 | Bought a potion of haste for 210 gold pieces
 39731 | Vaults:4 | Bought a potion of invisibility for 168 gold pieces
 39731 | Vaults:4 | Bought a potion of brilliance for 84 gold pieces
 39731 | Vaults:4 | Bought a potion of haste for 210 gold pieces
 40485 | Elf:1    | Entered Level 1 of the Elven Halls
 42192 | Elf:2    | Reached XP level 23. HP: 157/169 MP: 0/0
 42192 | Elf:2    | Learned a level 7 spell: Orb of Destruction
 42769 | Elf:2    | Found a runed translucent gate.
 42769 | Elf:2    | Found a runed translucent gate.
 42769 | Elf:2    | Found a runed translucent gate.
 42844 | Elf:3    | Entered Level 3 of the Elven Halls
 42950 | Elf:3    | Identified the ring "Uttepnol" {rPois Will+ Str+3 Int-5}
 42956 | Elf:3    | Acquired the ring "Umpiemm" {rF- rN++ Dex+6 SInv Stlth+}
 43192 | Elf:3    | Identified the +11 quick blade of Peace {freeze, Fly SInv}
 43206 | Elf:3    | Identified the staff of death "Fidderis" {*Corrode rElec
                  | rC++ rN+}
 43342 | Elf:3    | Identified the +4 rapier "Ihah" {pain, Dex+2}
 43343 | Elf:3    | Identified the staff of earth "Bewefyvu" {Str+4}
 43363 | Elf:3    | Identified the staff of poison "Hustreifa" {rPois rF+ Str-3
                  | Dex+4}
 43428 | Elf:3    | Identified the +0 ring mail "Imuics" {-Tele rElec rCorr
                  | Int+4}
 44151 | D:15     | Killed Jorgrun
 44533 | D:15     | Found a staircase to the Depths.
 44537 | D:15     | Acquired a manual of Shields
 44694 | Depths:1 | Entered Level 1 of the Depths
 44694 | Depths:1 | You are sucked into a shaft and drop 1 floor!
 44708 | Depths:2 | Identified the +6 great sword "Duirchipn" {protect, rN+
                  | Dex+2}
 44740 | Depths:2 | Found a one-way gate leading to the halls of Pandemonium.
 45131 | Depths:1 | Found a one-way gate to the infinite horrors of the Abyss.
 45153 | Depths:1 | Noticed Louise
 45157 | Depths:1 | Killed Louise
 45208 | Depths:1 | Found a gateway to Hell.
 45250 | Depths:1 | Identified the ring of Fyrgh {rElec AC+4}
 45364 | Depths:1 | Noticed Mara
 45371 | Depths:1 | Noticed Wizard1ke's illusion
 45372 | Depths:1 | Killed Mara
 45531 | Depths:1 | Reached skill level 10 in Armour
 45531 | Depths:1 | Reached XP level 24. HP: 141/179 MP: 0/0
 45539 | Depths:1 | Reached skill level 10 in Dodging
 46049 | Depths:1 | Noticed a caustic shrike
 46056 | Depths:1 | Killed a caustic shrike
 46104 | Depths:1 | Reached skill level 15 in Shields
 46192 | Depths:1 | Identified the +8 plate armour "Essyt" {rC+}
 47016 | Depths:2 | Noticed Boris
 47034 | Depths:2 | Killed Boris
 47459 | Depths:2 | Noticed Grunn
 48475 | Depths:3 | Found a shadowy altar of Dithmenos.
 48670 | Depths:3 | Reached XP level 25. HP: 155/189 MP: 0/0
 48670 | Depths:3 | Learned a level 8 spell: Discord
 48728 | Depths:3 | Noticed a caustic shrike
 48733 | Depths:3 | Killed a caustic shrike
 48880 | Depths:3 | Identified the +5 whip of Vidaur Isuxa {freeze, rF+ rN+
                  | Str+3}
 49694 | Depths:3 | Reached skill level 15 in Dodging
 49789 | Depths:4 | Entered Level 4 of the Depths
 49789 | Depths:4 | Noticed a juggernaut
 49789 | Depths:4 | Noticed a caustic shrike
 49789 | Depths:4 | Noticed a caustic shrike
 49790 | Depths:4 | Noticed a caustic shrike
 49792 | Depths:4 | Reached skill level 1 in Invocations
 49844 | Depths:4 | Found a magical portal.
 49857 | WizLab   | Entered The Hall of the Hellbinder
 50289 | WizLab   | Noticed Ekoq
 50350 | WizLab   | Killed Ekoq the Hellbinder
 50351 | WizLab   | Found a burning altar of Makhleb.
 50372 | WizLab   | Identified the amulet of Viomuog {Faith rF++ rN+ rCorr
                  | MP-9}
 50400 | WizLab   | Identified the +6 war axe of Vauth {heavy, *Rage rElec rN+
                  | MP+9}
 50633 | Depths:4 | Found a gate to the Realm of Zot.
 50721 | Depths:4 | Killed a juggernaut
 50813 | Depths:4 | Found a one-way gateway to a ziggurat.
 50822 | Depths:3 | Killed a caustic shrike
 50958 | Depths:4 | Killed a caustic shrike
 50963 | Depths:4 | Killed a caustic shrike
 50964 | Depths:4 | Reached skill level 5 in Invocations
 51300 | Depths:4 | Noticed Joiny's ghost (veteran GrGl)
 51302 | Depths:4 | Found a runed translucent door.
 51447 | Depths:4 | Reached XP level 26. HP: 182/199 MP: 0/0
 51951 | Vaults:5 | Entered Level 5 of the Vaults
 52869 | Vaults:5 | Identified the +0 ring mail of the Storm King {rElec rPois
                  | Dex+3 SInv}
 52984 | Vaults:5 | Reached skill level 10 in Invocations
 53326 | Vaults:5 | Noticed Jory
 53330 | Vaults:5 | Killed Jory
 53750 | Vaults:5 | Got a silver rune of Zot
 53756 | Vaults:5 | Identified the +2 ring mail of Dawn {Str+4 Dex+4}
 54194 | Slime:1  | Entered Level 1 of the Pits of Slime
 54279 | Slime:3  | Noticed Dissolution
 54282 | Slime:3  | Reached XP level 27. HP: 193/205 MP: 0/0
 54282 | Slime:3  | Learned a level 9 spell: Chain Lightning
 54283 | Slime:3  | Killed Dissolution
 54364 | Slime:3  | Gained mutation: Your body sometimes deteriorates upon
                  | taking damage. [a shining eye]
 54484 | Slime:5  | Entered Level 5 of the Pits of Slime
 54543 | Slime:5  | Noticed the Royal Jelly
 54559 | Slime:5  | Killed the Royal Jelly
 54921 | Slime:5  | Identified the ring of Hepliaklqana's Reproof {*Slow rPois
                  | Str+4 Int+10 Slay+4 Stlth-}
 54925 | Slime:5  | Got a slimy rune of Zot
 54975 | Slime:5  | Identified the staff of fire "Qiewulo" {rF+ rC+ Stlth+}
 55241 | Crypt:1  | Entered Level 1 of the Crypt
 57635 | Crypt:3  | Entered Level 3 of the Crypt
 57635 | Crypt:3  | Noticed an ancient lich
 57682 | Crypt:3  | Killed an ancient lich
 57926 | Crypt:3  | Noticed Vv
 57933 | Crypt:3  | Killed Vv
 57934 | Crypt:3  | Reached skill level 15 in Invocations
 58185 | Crypt:3  | Noticed Boris
 58190 | Crypt:3  | Killed Boris
 58489 | Crypt:3  | Found a staircase to the Tomb.
 58541 | Crypt:3  | Identified the ring "Wowof" {rPois rN+ rCorr Int-5 Stlth+}
 58683 | Crypt:3  | Identified the amulet "Jebusm" {Rampage rN+ Regen+ Str-5
                  | Stlth+}
 58940 | Crypt:3  | Noticed an ancient lich
 58940 | Crypt:3  | Noticed an ancient lich
 59068 | Crypt:3  | Killed an ancient lich
 59231 | Crypt:3  | Noticed an ancient lich
 59252 | Crypt:3  | Killed an ancient lich
 59343 | Crypt:3  | Killed an ancient lich
 59345 | Crypt:3  | Identified the -1 cloak of Ysseaken {Str+3 Dex+3 SInv}
 59360 | Crypt:3  | Identified the +2 dagger of Might {drain, Will+ Str+5}
 59362 | Crypt:3  | Identified the +2 shortbow of Defence by Offence {freeze,
                  | rElec rN+ Dex-4}
 59674 | Zot:1    | Entered Level 1 of the Realm of Zot
 59755 | Zot:1    | Found the +4 consecrated labrys {holy, Valiant Fragile Fly
                  | SInv}
 63013 | Zot:4    | Noticed a Killer Klown
 63015 | Zot:4    | Killed a Killer Klown
 63221 | Zot:4    | Found a runed translucent gate.
 63225 | Zot:4    | Found a runed translucent gate.
 63225 | Zot:4    | Noticed Zeaxzic Paph's ghost (veteran OgBe)
 63269 | Zot:4    | Found a runed translucent gate.
 63269 | Zot:4    | Found an opulent altar of Gozag.
 63271 | Zot:4    | Found Hulil's Assorted Antiques.
 63754 | Zot:4    | Identified the +3 scale mail of the Beekeeper {Drain Dex+7
                  | Stlth+}
 64140 | Zot:5    | Entered Level 5 of the Realm of Zot
 64657 | Zot:5    | Acquired 671 gold pieces
 64745 | Zot:5    | Noticed a dread lich
 64747 | Zot:5    | Killed a dread lich
 64833 | Zot:5    | Noticed a Killer Klown
 64836 | Zot:5    | Killed a Killer Klown
 64836 | Zot:5    | Noticed a Killer Klown
 64909 | Zot:5    | Killed a Killer Klown
 64918 | Zot:5    | Noticed a dread lich
 64920 | Zot:5    | Killed a dread lich
 64920 | Zot:5    | Noticed an ancient lich
 64923 | Zot:5    | Killed an ancient lich
 64924 | Zot:5    | Noticed an orb of fire
 64995 | Zot:5    | Gained mutation: You are dopey. (Int -2) [an orb of fire]
 64996 | Zot:5    | Gained mutation: You are weak. (Str -2) [an orb of fire]
 64998 | Zot:5    | Lost mutation: You are dopey. (Int -2) [an orb of fire]
 64999 | Zot:5    | Killed an orb of fire
 65000 | Zot:5    | Noticed an orb of fire
 65039 | Zot:5    | Killed an orb of fire
 65089 | Zot:5    | Noticed an ancient lich
 65091 | Zot:5    | Noticed a dread lich
 65092 | Zot:5    | Killed an ancient lich
 65093 | Zot:5    | Killed a dread lich
 65272 | Zot:5    | Noticed an ancient lich
 65273 | Zot:5    | Killed an ancient lich
 65274 | Zot:5    | Noticed an ancient lich
 65277 | Zot:5    | Killed an ancient lich
 65473 | Zot:5    | Noticed a dread lich
 65475 | Zot:5    | Killed a dread lich
 65570 | Zot:5    | Noticed a dread lich
 65570 | Zot:5    | Noticed a Killer Klown
 65572 | Zot:5    | Killed a Killer Klown
 65572 | Zot:5    | Killed a dread lich
 65666 | Zot:5    | Noticed an orb of fire
 65672 | Zot:5    | Killed an orb of fire
 65672 | Zot:5    | Noticed an ancient lich
 65674 | Zot:5    | Killed an ancient lich
 65678 | Zot:5    | Noticed a Killer Klown
 65779 | Zot:5    | Noticed a dread lich
 65782 | Zot:5    | Killed a dread lich
 65812 | Zot:5    | Killed a Killer Klown
 66551 | Pan      | Entered Pandemonium
 67231 | Pan      | Identified the +8 tower shield of Hairiness {rF+}
 67375 | Pan      | Identified the amulet "Xan Aren" {Faith Fragile rN+ Int+3
                  | Slay+3}
 67433 | Pan      | Identified the ring "Urotsunuv" {rC+ Str-3 Int+4}
 67455 | Pan      | Identified the +4 chain mail of Shielding {Will+ SInv}
 67455 | Pan      | Identified the ring "Poqyl" {Will+ Str+3}
 67455 | Pan      | Noticed a seraph
 67481 | Pan      | Killed a seraph
 67565 | Pan      | Found a glowing golden altar of the Shining One.
 67576 | Pan      | Got a demonic rune of Zot
 67577 | Pan      | Identified the staff of conjuration "Vuixalot" {rC+ rCorr
                  | Str+3}
 67578 | Pan      | Identified the +2 pair of gloves of Death's Door {rPois
                  | Will++}
 67590 | Pan      | Identified the +0 helmet of the Evening {SInv}
 67608 | Pan      | Identified the staff of air "Gasar" {*Slow rElec rN+ Str+4}
 67610 | Pan      | Identified the +1 short sword "Duiworas" {flame, Int+4}
 67896 | Pan      | Identified the +3 tower shield of Time Monsters {rPois
                  | rCorr Slay+3}
 68095 | Pan      | Found a glowing silver altar of Zin.
 68204 | Depths:2 | Escaped Pandemonium
 68244 | Pan      | Entered Pandemonium
 68443 | Pan      | Entered the realm of Lom Lobon.
 68452 | Pan      | Found an exit through the horrors of the Abyss.
 69356 | Pan      | Noticed Lom Lobon
 70383 | Pan      | Got a magical rune of Zot
 70656 | Pan      | Entered the realm of Mnoleg.
 70694 | Pan      | Gained mutation: You are very weak. (Str -4) [a neqoxec]
 70960 | Pan      | Gained mutation: You occasionally shout uncontrollably at
                  | your foes. [a cacodemon]
 71139 | Pan      | Noticed Mnoleg
 71144 | Pan      | Killed Mnoleg
 71181 | Pan      | Reached skill level 27 in Invocations
 71376 | Pan      | Gained mutation: Armour fits poorly on your strangely
                  | shaped body. [a cacodemon]
 71511 | Pan      | Got a glowing rune of Zot
 71680 | Pan      | Gained mutation: Your body often deteriorates upon taking
                  | damage. [a cacodemon]
 71684 | Pan      | Lost mutation: You are very weak. (Str -4) [potion of
                  | mutation]
 71684 | Pan      | Lost mutation: You occasionally shout uncontrollably at
                  | your foes. [potion of mutation]
 71684 | Pan      | Gained mutation: You are very weak. (Str -4) [potion of
                  | mutation]
 71684 | Pan      | Gained mutation: You are covered in fur. (AC +1) [potion of
                  | mutation]
 71686 | Pan      | Lost mutation: Armour fits poorly on your strangely shaped
                  | body. [potion of mutation]
 71686 | Pan      | Lost mutation: You are covered in fur. (AC +1) [potion of
                  | mutation]
 71686 | Pan      | Lost mutation: You are very weak. (Str -4) [potion of
                  | mutation]
 71686 | Pan      | Gained mutation: Potions are less effective at restoring
                  | your health. [potion of mutation]
 71686 | Pan      | Gained mutation: You are partially covered in iridescent
                  | scales. (AC +2) [potion of mutation]
 71686 | Pan      | Gained mutation: You have a pair of small horns on your
                  | head. [potion of mutation]
 72657 | Depths:2 | Escaped Pandemonium
 72677 | Pan      | Entered Pandemonium
 73236 | Pan      | Entered the realm of Cerebov.
 73276 | Pan      | Identified the staff of conjuration "Ottul" {rElec rF- rN+
                  | Stlth+}
 73384 | Pan      | Found the +6 sword of Cerebov {flame}
 73384 | Pan      | Noticed Cerebov
 73667 | Pan      | Killed Cerebov
 73763 | Pan      | Got a fiery rune of Zot
 73853 | Pan      | Identified the +1 shortbow of Tenacity {drain, +Blink rPois
                  | rF- SInv}
 73902 | Pan      | Identified the +9 lajatang "Zoam" {flame, rF+ Str+2}
 73906 | Pan      | Identified the +7 plate armour of the Secret Beggars {rC+
                  | Regen+}
 73930 | Pan      | Identified the +6 flail of Nexkom {speed, Str+3 Int+3
                  | Stlth+}
 74223 | Pan      | Entered the realm of Gloorx Vloq.
 74480 | Pan      | Found an exit through the horrors of the Abyss.
 75304 | Pan      | Noticed Gloorx Vloq
 75310 | Pan      | Killed Gloorx Vloq
 75364 | Pan      | Got a dark rune of Zot
 75547 | Pan      | Took an exit into the Abyss.
 75547 | Abyss:1  | Escaped into the Abyss
 75550 | Abyss:1  | Found a corrupted altar of Lugonu.
 75561 | Abyss:1  | Found a corrupted altar of Lugonu.
 75566 | Abyss:2  | Found a corrupted altar of Lugonu.
 75830 | Abyss:3  | Got an abyssal rune of Zot
 75830 | Abyss:3  | Paralysed by accursed screaming for 1 turns
 75853 | Abyss:3  | Gained mutation: You possess an exceptional clarity of
                  | mind. [a cacodemon]
 75927 | Depths:2 | Escaped the Abyss
 75928 | Depths:2 | Lost mutation: Your body often deteriorates upon taking
                  | damage. [potion of mutation]
 75928 | Depths:2 | Lost mutation: You have a pair of small horns on your head.
                  | [potion of mutation]
 75928 | Depths:2 | Lost mutation: You are partially covered in iridescent
                  | scales. (AC +2) [potion of mutation]
 75928 | Depths:2 | Gained mutation: You are agile. (Dex +4, Str/Int -1)
                  | [potion of mutation]
 75929 | Depths:2 | Lost mutation: Your body sometimes deteriorates upon taking
                  | damage. [potion of mutation]
 75929 | Depths:2 | Lost mutation: You possess an exceptional clarity of mind.
                  | [potion of mutation]
 75929 | Depths:2 | Lost mutation: You are agile. (Dex +4, Str/Int -1) [potion
                  | of mutation]
 75929 | Depths:2 | Gained mutation: You have a somewhat thin skeletal
                  | structure. (Dex +2, Stealth+) [potion of mutation]
 75929 | Depths:2 | Gained mutation: Your movements are slightly less
                  | encumbered by armour. (ER -2) [potion of mutation]
 75930 | Depths:2 | Lost mutation: You have a somewhat thin skeletal structure.
                  | (Dex +2, Stealth+) [potion of mutation]
 75930 | Depths:2 | Lost mutation: You are weak. (Str -2) [potion of mutation]
 75930 | Depths:2 | Gained mutation: You possess an exceptional clarity of
                  | mind. [potion of mutation]
 76005 | Hell     | Entered the Vestibule of Hell
 76006 | Hell     | Noticed Geryon
 76179 | Hell     | Gained mutation: You are dopey. (Int -2) [a cacodemon]
 76252 | Hell     | Killed Geryon
 76408 | Hell     | Paralysed by a wendigo for 1 turns
 76506 | Hell     | Found a gateway to the Iron City of Dis.
 76648 | Hell     | Found a gateway to the ashen valley of Gehenna.
 76787 | Hell     | Found a gateway to the decaying netherworld of Tartarus.
 76900 | Hell     | Found a gateway to the freezing wastes of Cocytus.
 76958 | Tar:1    | Entered Level 1 of Tartarus
 77249 | Tar:2    | Noticed a dread lich
 77259 | Tar:2    | Killed a dread lich
 77969 | Tar:3    | Noticed an ancient lich
 77971 | Tar:3    | Killed an ancient lich
 78303 | Tar:5    | Reached skill level 27 in Spellcasting
 79083 | Tar:7    | Entered Level 7 of Tartarus
 79233 | Tar:7    | Noticed an ancient lich
 79235 | Tar:7    | Killed an ancient lich
 79742 | Tar:7    | Noticed an ancient lich
 79745 | Tar:7    | Killed an ancient lich
 80249 | Tar:7    | Identified the staff of earth "Roivil" {rN+ Will- Dex+4
                  | SInv}
 80454 | Tar:7    | Noticed an ancient lich
 80457 | Tar:7    | Killed an ancient lich
 80476 | Tar:7    | Noticed an ancient lich
 80480 | Tar:7    | Killed an ancient lich
 80564 | Tar:7    | Noticed Ereshkigal
 80572 | Tar:7    | Killed Ereshkigal
 80764 | Tar:7    | Got a bone rune of Zot
 80873 | Geh:1    | Entered Level 1 of Gehenna
 81413 | Geh:4    | You are sucked into a shaft and drop 2 floors!
 81684 | Geh:7    | Entered Level 7 of Gehenna
 81759 | Geh:7    | Lost mutation: Your movements are slightly less encumbered
                  | by armour. (ER -2) [potion of mutation]
 81759 | Geh:7    | Lost mutation: You are dopey. (Int -2) [potion of mutation]
 81759 | Geh:7    | Gained mutation: Your spells are a little harder to cast,
                  | but a little more powerful. [potion of mutation]
 81759 | Geh:7    | Gained mutation: You are partially covered in iridescent
                  | scales. (AC +2) [potion of mutation]
 81759 | Geh:7    | Lost mutation: You possess an exceptional clarity of mind.
                  | [potion of mutation]
 81759 | Geh:7    | Gained mutation: You are agile. (Dex +4, Str/Int -1)
                  | [potion of mutation]
 82252 | Geh:7    | Noticed the Serpent of Hell
 82257 | Geh:7    | Killed the Serpent of Hell
 82521 | Geh:7    | Identified the ring of Ciosmofi {Wiz rN+}
 82585 | Geh:7    | Found the +13 sceptre of Asmodeus
 82585 | Geh:7    | Noticed Asmodeus
 82598 | Geh:7    | Killed Asmodeus
 82756 | Geh:7    | Identified the +6 rapier of the Beast {chaos, rElec rF+}
 82778 | Geh:7    | Got an obsidian rune of Zot
 82784 | Geh:7    | Identified the amulet "Bupry" {Spirit Contam rF+ rC+ Dex+2}
 82786 | Geh:7    | Identified the ring "Nipo Abb" {Fly Str+4 Dex+2}
 82791 | Geh:7    | Identified the staff of conjuration "Ohoatoss" {rElec rN+}
 83053 | Coc:1    | Entered Level 1 of Cocytus
 83056 | Coc:1    | Paralysed by a wendigo for 1 turns
 84196 | Coc:5    | Noticed a shard shrike
 84196 | Coc:5    | Noticed a shard shrike
 84197 | Coc:5    | Noticed a shard shrike
 84198 | Coc:5    | Noticed a shard shrike
 84198 | Coc:5    | Noticed a shard shrike
 84199 | Coc:5    | Killed a shard shrike
 84199 | Coc:5    | Killed a shard shrike
 84200 | Coc:5    | Killed a shard shrike
 84200 | Coc:5    | Killed a shard shrike
 84633 | Tomb:1   | Entered Level 1 of the Tomb of the Ancients
 85434 | Tomb:1   | Noticed a royal mummy
 85438 | Tomb:1   | Killed a royal mummy
 85712 | Tomb:1   | Identified the ring "Wofrufok" {Fire Drain rPois Int+5
                  | Stlth+}
 86037 | Tomb:2   | Noticed a royal mummy
 86037 | Tomb:2   | Noticed a royal mummy
 86038 | Tomb:2   | Noticed a royal mummy
 86039 | Tomb:2   | Noticed a royal mummy
 86040 | Tomb:2   | Noticed a royal mummy
 86044 | Tomb:2   | Killed a royal mummy
 86044 | Tomb:2   | Killed a royal mummy
 86046 | Tomb:2   | Killed a royal mummy
 86046 | Tomb:2   | Killed a royal mummy
 86048 | Tomb:2   | Killed a royal mummy
 86851 | Tomb:2   | Reached skill level 27 in Fighting
 86851 | Tomb:2   | Reached skill level 27 in Shields
 87043 | Tomb:3   | Entered Level 3 of the Tomb of the Ancients
 87071 | Tomb:3   | Noticed a royal mummy
 87072 | Tomb:3   | Noticed a royal mummy
 87072 | Tomb:3   | Noticed a royal mummy
 87074 | Tomb:3   | Noticed a royal mummy
 87075 | Tomb:3   | Killed a royal mummy
 87076 | Tomb:3   | Killed a royal mummy
 87076 | Tomb:3   | Noticed a royal mummy
 87077 | Tomb:3   | Killed a royal mummy
 87077 | Tomb:3   | Killed a royal mummy
 87077 | Tomb:3   | Noticed a royal mummy
 87078 | Tomb:3   | Noticed a royal mummy
 87079 | Tomb:3   | Noticed a royal mummy
 87079 | Tomb:3   | Noticed a royal mummy
 87081 | Tomb:3   | Killed a royal mummy
 87081 | Tomb:3   | Killed a royal mummy
 87082 | Tomb:3   | Killed a royal mummy
 87083 | Tomb:3   | Killed a royal mummy
 87084 | Tomb:3   | Killed a royal mummy
 87475 | Tomb:3   | Acquired the +0 hat of Aredobum {Int+4 Slay+3}
 87521 | Tomb:3   | Identified the +0 plate armour "Ussorchoy" {Harm}
 87532 | Tomb:3   | Identified the amulet "Anug" {Spirit Int+5}
 87577 | Tomb:3   | Identified the +2 sling of Utixzin {freeze, rPois Dex+3}
 87611 | Tomb:3   | Got the Thoughts on Shivering Abominable Secrets
 87699 | Tomb:3   | Got a golden rune of Zot
 88374 | Dis:1    | Entered Level 1 of the Iron City of Dis
 89303 | Zig:1    | Entered Level 1 of a ziggurat
 89460 | Zig:2    | Entered Level 2 of a ziggurat
 89486 | Zig:3    | Entered Level 3 of a ziggurat
 89507 | Zig:3    | Identified the staff of poison "Voistruli" {rPois Str+5}
 89525 | Zig:4    | Entered Level 4 of a ziggurat
 89526 | Zig:4    | Noticed Ehomnat the pandemonium lord
 89527 | Zig:4    | Killed Ehomnat the pandemonium lord
 89548 | Zig:5    | Entered Level 5 of a ziggurat
 89559 | Zig:5    | Got the Directory of the Xenolith and Alteration
 89571 | Zig:6    | Entered Level 6 of a ziggurat
 89645 | Zig:7    | Entered Level 7 of a ziggurat
 89649 | Zig:7    | Noticed a royal mummy
 89654 | Zig:7    | Killed a royal mummy
 89721 | Zig:8    | Entered Level 8 of a ziggurat
 89732 | Zig:8    | Reached skill level 15 in Armour
 89750 | Zig:8    | Got the Parchment of Overcast Iniquitous Rites
 89754 | Zig:9    | Entered Level 9 of a ziggurat
 89781 | Zig:9    | Identified the staff of earth "Suiqyathry" {rPois Dex+2}
 89797 | Zig:10   | Entered Level 10 of a ziggurat
 89820 | Zig:10   | Noticed a dread lich
 89823 | Zig:10   | Killed a dread lich
 89894 | Zig:10   | Found the dreamshard necklace {*Dream Drain}
 90253 | Dis:6    | Noticed a dread lich
 90253 | Dis:6    | Noticed a dread lich
 90253 | Dis:6    | Noticed an ancient lich
 90257 | Dis:6    | Killed an ancient lich
 90258 | Dis:6    | Killed a dread lich
 90258 | Dis:6    | Killed a dread lich
 90265 | Dis:6    | Noticed a dread lich
 90267 | Dis:6    | Killed a dread lich
 90732 | Dis:7    | Entered Level 7 of the Iron City of Dis
 92783 | Dis:7    | Noticed a juggernaut
 92785 | Dis:7    | Killed a juggernaut
 92968 | Dis:7    | Identified the +11 falchion "Durph" {elec, Contam rPois
                  | Int+7}
 92968 | Dis:7    | Noticed Dispater
 92978 | Dis:7    | Killed Dispater
 92981 | Dis:7    | Got an iron rune of Zot
 93283 | Dis:7    | Identified the +6 broad axe of Recklessness {flame, rPois
                  | Str+2 Int+5}
 93706 | Coc:5    | Killed a shard shrike
 94205 | Coc:6    | Noticed a shard shrike
 94205 | Coc:6    | Noticed a shard shrike
 94205 | Coc:6    | Noticed a shard shrike
 94205 | Coc:6    | Noticed a shard shrike
 94206 | Coc:6    | Killed a shard shrike
 94206 | Coc:6    | Killed a shard shrike
 94206 | Coc:6    | Killed a shard shrike
 94207 | Coc:6    | Killed a shard shrike
 94554 | Coc:6    | Reached skill level 27 in Dodging
 95624 | Coc:7    | Entered Level 7 of Cocytus
 96526 | Coc:7    | Noticed a shard shrike
 96530 | Coc:7    | Killed a shard shrike
 96957 | Coc:7    | Noticed a shard shrike
 96959 | Coc:7    | Killed a shard shrike
 97138 | Coc:7    | Noticed Antaeus
 97795 | Coc:7    | Killed Antaeus
 98266 | Coc:7    | Got an icy rune of Zot
 98362 | Depths:2 | Killed Grunn
 98632 | Zot:5    | Got the Orb of Zot
 99192 | D:$      | Escaped with the Orb!

Illustrated notes

Levels and vault maps discovered:
D:1:      dpeg_arrival_rooms_with_view, layout_basic, serial_shops,
          nicolae_shop_pleasant_corner_grove
D:2:      layout_basic, serial_shops, shop_statue
D:3:      layout_rooms, old_standard_altar, nicolae_kite_square_tiling_tiny,
          uniq_sigmund
D:4:      layout_cave_pools, minmay_temple_entry_junction, st_stairs_1
D:5:      layout_loops_corners, mainiacjoe_overflow_alcove_1,
          gammafunk_temple_overflow_arena, mainiacjoe_overflow_alcove_2,
          nicolae_specific_store, minmay_chambers_of_fives, uniq_ijyb,
          uniq_duvessa
D:6:      layout_basic, elyvilon_altar_3, nicolae_ossuary_entry_plus,
          corexii_checkpoint_a, nicolae_water_bricks, reono_crystal_passage,
          kennysheep_crisscross, minmay_hedge_maze
D:7:      minmay_the_grid_triangle_9x9_rhombus_thin
          [minmay_the_grid_triangle_9x9_subtriangle,
          minmay_the_grid_triangle_9x9_prize_insulated,
          minmay_the_grid_triangle_9x9_windchime,
          minmay_the_grid_triangle_9x9_intruding_spiral], layout_loops_ring,
          nicolae_ru_path_of_blood, nrook_mini_backslash
D:8:      layout_loops_ring, evilmike_ruin_ashenzari, xom_redecorated,
          mainiacjoe_overflow_24_doors, mainiacjoe_overflow_catwalk
D:9:      layout_irregular_city, nicolae_tso_swordbearing_angel,
          ebering_ghost_reflecting_pool, minmay_misc_feat_more_columns,
          nrook_pool_corridor, minmay_ruffians, uniq_maurice
D:10:     layout_roguey, palyth_temple_overflow_mages, minivault_16,
          uniq_erolcha
D:11:     layout_irregular_city, due_lair_maze_entry_diamond, orc_0_dummy,
          grunt_ministairs_9, uniq_harold
D:12:     layout_basic, hangedman_corner_corridor
D:13:     layout_rooms, david_vaults_3, lemuel_flamethrower_1, uniq_azrael,
          uniq_rupert
D:14:     layout_stronghold, nicolae_uskayaw_en_pointe
D:15:     hangedman_depths_entry_try_elsewhere_first, layout_cave_pools,
          minivault_27, uniq_jorgrun
Temple:   nicolae_temple_superstar
Lair:1:   layout_loops_ring, serial_forest, infiniplex_forest_diagonal,
          infiniplex_forest_3_way, infiniplex_forest_zigzag_1,
          infiniplex_forest_end_3, infiniplex_forest_straight_3,
          infiniplex_forest_fountain
Lair:2:   gammafunk_cloud_chamber, layout_concentric_octagons,
          spider_nest_entry_a, serial_bayou_crossing, lemuel_fruit_tree,
          uniq_nergalle, uniq_amaemon
Lair:3:   beast_lair_carwin_large_3, layout_layer_cave, minmay_shoals_entry_hut
Lair:4:   layout_loops_ring, nicolae_slime_entry_slimehenge,
          portal_ice_cave_entry_pillars_2, uniq_kirke
Lair:5:   grunt_lair_end_beastmaster, layout_gridlike, uniq_snorg
Shoals:1: layout_shoals
Shoals:2: cheibrodos_shoals_baths, layout_shoals
Shoals:3: layout_shoals
Shoals:4: shoals_end_hellmonk_lost_city
Spider:1: layout_spider_delve, nicolae_spider_not_touching_you
Spider:2: layout_spider_delve, hive_lemuel, uniq_arachne
Spider:3: layout_spider_delve, uniq_nikola
Spider:4: floodkiller_spider_rune_tomb, nicolae_spider_claw_tunnel,
          uniq_asterion
Slime:1:  layout_caves
Slime:2:  layout_caves
Slime:3:  layout_caves, dissolution_awaits
Slime:4:  layout_caves, nicolae_slime_rock_hall_of_fame
Slime:5
Orc:1:    layout_caves, uniq_urug
Orc:2:    st_orc_open, layout_diamond_mine, uniq_saint_roka
Elf:1:    eino_elf_arrival_the_gate, layout_loops_corners, minmay_elf_sorcery,
          david_greed, lemuel_upstairs_altar
Elf:2:    elven_hall_of_blades_hangedman_original [nicolae_blade_little_rooms],
          layout_loops_corners, nrook_uturn
Elf:3:    minmay_elf_hall_quartered_circle, layout_loops_ring
Vaults:1: ontoclasm_vaults_tryst, hangedman_vaults_slither,
          nicolae_vaults_stairing_the_circle, nicolae_vaults_yaktaur_gun_rack,
          nicolae_vaults_network_s, ontoclasm_vaults_ring_small,
          vaults_standard_mumra_enter_the_diamond, v_rooms_1,
          ontoclasm_vaults_decontamination, vaults_room_door_ring,
          vaults_dpeg_encased_lava, nicolae_vaults_little_squares_1,
          vaults_dpeg_ring, vaults_dpeg_emergency_exit, vaults_room_pool,
          layout_vaults_maze_snakey
Vaults:2: vaults_mumra_minichess, minmay_crypt_entry_simple_walls,
          nicolae_vaults_little_squares_2, grunt_vaults_hallway_long,
          nicolae_vaults_specimen_jars, nicolae_vaults_little_squares_2,
          nicolae_vaults_alarming, nicolae_vaults_little_squares_4, v_misc_17,
          layout_vaults_big_room, uniq_margery
Vaults:3: ebering_ghost_reflecting_pool, nicolae_vaults_angled_halls,
          hangedman_vaults_river_flow, v_misc_17, ontoclasm_vaults_spin,
          grunt_vaults_diagonal, v_misc_23, st_greater_box_1, v_misc_3,
          grunt_vaults_bifocal, ontoclasm_vaults_ring_square,
          nicolae_vaults_angled_halls, v_misc_8, layout_vaults_omnibox,
          serial_shops, bzr_entry_customers
Vaults:4: nicolae_vaults_network_barrier, vaults_room_hallway,
          ontoclasm_vaults_chip, grunt_vaults_hallway_short,
          nicolae_vaults_rhombus_5, nicolae_vaults_ninety_degrees,
          nicolae_vaults_little_squares_2, v_misc_4, ontoclasm_vaults_eye,
          v_misc_1, hangedman_vaults_stretched_pinwheel,
          nicolae_vaults_little_squares_4, vaults_mumra_lcd,
          layout_vaults_omnicross, serial_shops, shop
Vaults:5: serial_shops, uniq_jory
Crypt:1:  layout_catacombs, item_on_display_b
Crypt:2:  layout_chaotic_city
Crypt:3:  david_glass_crypt, layout_chaotic_city, tomb_entry_forgotten_bobbens,
          palyth_stone_intersect, feat_on_display, grunt_megastairs_3, uniq_vv
Tomb:1
Tomb:2
Tomb:3
Depths:1: angbandy_vault, layout_cave_pools, minmay_fountain_box, hell_entry,
          nicolae_abyss_entry_one_way_or_another, ice2_lemuel,
          serial_bayou_shore_a, uniq_mara
Depths:2: hangedman_screamer, layout_gridlike, pan_entry, abyss_entry_crystal,
          hangedman_abyss_or_decor_stabs, hell_entry,
          infiniplex_staircase_9_rooms, uniq_grunn
Depths:3: minmay_containers, layout_cross, grunt_hell_horde,
          rand_demon_pan_entry_9, minivault_11, abyss_entry,
          nicolae_dithmenos_through_a_glass_darkly, infiniplex_staircase_pool_1
Depths:4: grunt_zot_entry_bicorn, layout_cave_pools, enter_ziggurat_f,
          mu_enter_wizlab_3, serial_sigils_hangedman_clutch,
          hellmonk_ghost_big_iron, hell_entry
Hell
Dis:1:    layout_jigsaw
Dis:2:    layout_subdivisions, nicolae_dis_bowling_alley
Dis:3:    layout_gridville
Dis:4:    layout_regular_city
Dis:5:    layout_overlapping_boxes
Dis:6:    layout_subdivisions, nicolae_dis_liches_on_tour
Dis:7:    dis_st
Geh:1:    layout_gehenna_lava_caves
Geh:2:    layout_gehenna_pools_basic
Geh:3:    layout_gehenna_pools_basic
Geh:4:    layout_gehenna_lava_caves
Geh:6:    layout_gehenna_lava_caves
Geh:7:    geh_mu
Coc:1:    layout_ice_bergs, nicolae_coc_statues_of_limitations
Coc:2:    layout_cocytus_delve
Coc:3:    layout_cocytus_water_paths
Coc:4:    layout_cocytus_delve
Coc:5:    nicolae_coc_bergin, layout_cocytus_delve
Coc:6:    layout_ice_bergs
Coc:7:    coc_dpeg
Tar:1:    layout_grid_maze
Tar:2:    layout_cathedral_of_symmetry
Tar:3:    layout_catacombs
Tar:4:    layout_grid_maze
Tar:5:    layout_cathedral_of_symmetry
Tar:6:    layout_grid_maze, nicolae_hells_hurtin_island
Tar:7:    tar_grunt_cathedral
Zot:1:    layout_concentric_octagons, grunt_megastairs_4
Zot:2:    layout_cellular_growth
Zot:3:    layout_concentric_octagons, uniq_parghit
Zot:4:    layout_cathedral_of_symmetry, ebering_ghost_gozag, grunt_megastairs_1
Zot:5:    layout_cellular_growth, drop_trap

Skill      XL: |  1  2  3  4  5  6  7  8  9 10 11 12 13 14 15 16 17 18 19 20 21 22 23 24 25 26 27 |
---------------+----------------------------------------------------------------------------------+-----
Spellcasting   | 3 4 5 7 8 10 11 13 15 17 20 21 22 24 25 27 | 27.0
Fighting       | 4 5 6 8 9 10 14 15 16 17 18 19 20 27 | 27.0
Evocations     | 5 8 |  8.0
Shields        | 3 10 11 13 17 18 20 27 | 27.0
Armour         | 2 4 7 10 22 | 22.2
Dodging        | 2 7 9 13 15 27 | 27.0
Invocations    | 5 11 27 | 27.0
Maces & Flails | |  2.4

Action                     |  1- 3 |  4- 6 |  7- 9 | 10-12 | 13-15 | 16-18 | 19-21 | 22-24 | 25-27 || total
---------------------------+-------+-------+-------+-------+-------+-------+-------+-------+-------++-------
  Melee: Mace              |    29 |       |     1 |       |       |       |       |       |       ||    30
         Unarmed           |       |       |       |     1 |       |     2 |       |       |       ||     3
         Staff             |       |       |       |     3 |     3 |       |     1 |       |    11 ||    18
         Headbutt          |       |       |       |       |       |       |       |       |     1 ||     1
   Cast: Scorch            |    26 |    55 |   229 |   400 |       |       |       |       |       ||   710
         Inner Flame       |       |       |     5 |    44 |    50 |    25 |     1 |       |       ||   125
         Sting             |       |       |     1 |       |       |       |       |       |       ||     1
         Ozocubu's Armour  |       |       |     5 |    14 |       |     2 |       |       |       ||    21
         Cause Fear        |       |       |       |    53 |    43 |    87 |    19 |     3 |       ||   205
         Fireball          |       |       |       |       |   477 |   635 |       |       |       ||  1112
         Statue Form       |       |       |       |       |       |     1 |       |       |       ||     1
         Ozocubu's Refrige |       |       |       |       |       |       |   562 |   491 |   560 ||  1613
         Haunt             |       |       |       |       |       |       |    39 |    68 |    19 ||   126
         Orb of Destructio |       |       |       |       |       |       |       |    85 |   232 ||   317
         Discord           |       |       |       |       |       |       |       |       |     2 ||     2
         Chain Lightning   |       |       |       |       |       |       |       |       |  2166 ||  2166
Ability: End Transformatio |       |       |       |       |       |     1 |       |       |       ||     1
  Evoke: Wand              |       |       |     3 |    15 |     3 |    11 |     3 |     4 |    27 ||    66
         Phial of floods   |       |       |       |     1 |       |     3 |       |     1 |       ||     5
         Condenser vane    |       |       |       |       |       |     1 |       |       |     1 ||     2
         Phantom mirror    |       |       |       |       |       |       |       |       |     2 ||     2
         Figurine of a zig |       |       |       |       |       |       |       |       |     1 ||     1
    Use: Potion            |       |     1 |     2 |     5 |     1 |     2 |     5 |     1 |    87 ||   104
         Scroll            |       |       |    11 |     9 |     3 |    13 |    10 |     4 |    57 ||   107
 Armour: Robe              |     5 |     3 |       |       |       |       |       |     6 |    50 ||    64
         Leather armour    |       |     1 |    35 |    82 |     1 |       |       |       |       ||   119
         Ice dragon scales |       |       |       |       |    13 |    58 |    30 |    22 |       ||   123
         Skin              |       |       |       |       |       |     5 |       |       |     2 ||     7
  Dodge: Dodged            |    23 |    15 |    63 |   157 |    20 |    25 |    17 |    41 |   183 ||   544
         Repelled          |       |       |       |       |       |       |     4 |     2 |       ||     6
  Block: Tower shield      |       |       |       |       |       |    77 |    60 |    71 |   300 ||   508

Table legend: (Time is in decaauts)
 A = Elapsed time spent in this place.
 B = Non-inter-level travel time spent in this place.
 C = Inter-level travel time spent in this place.
 D = Time resting spent in this place.
 E = Time spent auto-exploring this place.
 F = Levels seen in this place.
 G = Mean time per level.
                   A        B        C        D        E       F      G
               +--------+--------+--------+--------+--------+-----+--------+
         Total |  99251 |  91837 |   7414 |  25082 |  44362 | 120 |  827.1 |
       Dungeon |  15204 |  13310 |   1894 |   1685 |   8569 |  15 | 1013.6 |
        Temple |    101 |     89 |     12 |      0 |     80 |   1 |  101.0 |
          Lair |   7251 |   6384 |    867 |    869 |   3920 |   5 | 1450.2 |
        Shoals |   4743 |   4624 |    119 |    832 |   2738 |   4 | 1185.8 |
   Spider Nest |   4925 |   4644 |    281 |    840 |   2582 |   4 | 1231.2 |
    Slime Pits |    874 |    802 |     72 |    431 |     40 |   5 |  174.8 |
  Orcish Mines |   2001 |   1833 |    168 |    500 |    838 |   2 | 1000.5 |
   Elven Halls |   3529 |   3308 |    221 |    208 |   2417 |   3 | 1176.3 |
        Vaults |   9322 |   8666 |    656 |   1546 |   5438 |   5 | 1864.4 |
         Crypt |   4355 |   3973 |    382 |   1099 |   2130 |   3 | 1451.7 |
          Tomb |   3246 |   3093 |    153 |   1054 |   1336 |   3 | 1082.0 |
        Depths |   7704 |   6705 |    999 |   1162 |   4006 |   4 | 1926.0 |
          Hell |   2107 |   1867 |    240 |   1102 |    562 |   1 | 2107.0 |
           Dis |   4457 |   4406 |     51 |   3331 |    133 |   7 |  636.7 |
       Gehenna |   2084 |   1893 |    191 |    916 |    408 |   6 |  347.3 |
       Cocytus |   4996 |   4673 |    323 |   2816 |    918 |   7 |  713.7 |
      Tartarus |   3630 |   3548 |     82 |   1379 |   1223 |   7 |  518.6 |
           Zot |   7000 |   6303 |    697 |   1296 |   4046 |   5 | 1400.0 |
         Abyss |    566 |    566 |      0 |    148 |      8 |   4 |  141.5 |
   Pandemonium |   8927 |   8927 |      0 |   3061 |   2645 |  15 |  595.1 |
      Ziggurat |    628 |    628 |      0 |    319 |      0 |  10 |   62.8 |
        Bazaar |     62 |     62 |      0 |      0 |     24 |   1 |   62.0 |
       Ossuary |    367 |    367 |      0 |     49 |    165 |   1 |  367.0 |
      Ice Cave |    551 |    551 |      0 |    216 |     66 |   1 |  551.0 |
        Wizlab |    608 |    608 |      0 |    219 |     70 |   1 |  608.0 |
               +--------+--------+--------+--------+--------+-----+--------+

Top non-repeatable levels by time:
   Dis:7: 2802 daAuts
   Coc:7: 2677 daAuts
Depths:2: 2547 daAuts
Vaults:3: 2408 daAuts
Depths:1: 2176 daAuts
    Hell: 2107 daAuts
Vaults:4: 2048 daAuts
  Lair:3: 1971 daAuts
  Tomb:1: 1860 daAuts
Vaults:1: 1769 daAuts
   Zot:4: 1769 daAuts
   Zot:5: 1749 daAuts
   Tar:7: 1729 daAuts
 Crypt:3: 1705 daAuts
Vaults:5: 1677 daAuts
